 Dungeon Crawl Stone Soup version 0.21.0-3-g78d12a8 (webtiles) character file.

9405 MTVSty1e the Slicer (level 11, 0/54 HPs)
             Began as a Spriggan Chaos Knight on Jan 9, 2018.
             Slain by a hippogriff (10 damage)
             ... on level 12 of the Dungeon.
             The game lasted 00:28:25 (13971 turns).

MTVSty1e the Slicer (Spriggan Chaos Knight)        Turns: 13971, Time: 00:28:26

Health: 0/54       AC:  6    Str: 13      XL:     11   Next: 22%
Magic:  17/17      EV: 23    Int: 11 (12) God:    Xom [.*....]
Gold:   857        SH:  0    Dex: 13 (14) Spells: 10/10 levels left

rFire    . . .     SeeInvis +   a - +1 short sword (chaos)
rCold    + . .     Gourm    .   (shield restricted)
rNeg     . . .     Faith    .   s - +2 robe of the Bard {rC+ MR+ Regen+ SInv}
rPois    .         Spirit   .   (helmet restricted)
rElec    .         Reflect  .   t - +1 cloak
rCorr    .         Harm     .   (gloves unavailable)
MR       ++...                  (boots unavailable)
Stlth    +.........             w - amulet of rage
HPRegen  0.58/turn              j - +4 ring of strength
MPRegen  0.15/turn              F - ring of flight

@: very quick
A: very small, unfitting armour, see invisible, clumsy 1, deterioration 1, dopey
1, herbivore, speed 3, frail 1, mutation resistance 1, screaming 1, slow
metabolism 2, weak 1
a: Renounce Religion, Evoke Berserk Rage, Evoke Flight


You were on level 12 of the Dungeon.
You worshipped Xom.
You were a plaything of Xom.
You were not hungry.

You visited 1 branch of the dungeon, and saw 12 of its levels.

You collected 857 gold pieces.

Inventory:

Hand Weapons
 a - a +1 short sword of chaos (weapon)
 o - a +4 whip of electrocution
Armour
 b - a +2 robe
 f - a +2 robe of magic resistance
 k - a +0 cloak
 s - the +2 robe of the Bard (worn) {rC+ MR+ Regen+ SInv}
   (You found it on level 10 of the Dungeon)

   It protects you from cold.
   It affects your resistance to hostile enchantments.
   It lets you see invisible.
   It increases your rate of regeneration.
 t - a +1 cloak (worn)
 z - a +0 troll leather armour
Jewellery
 j - a +4 ring of strength (left hand)
 w - an amulet of rage (around neck)
 F - a ring of flight (right hand)
Wands
 i - a wand of clouds (5)
 l - a wand of disintegration (16)
 u - a wand of random effects (29)
 x - a wand of digging (10)
 B - a wand of flame (15)
 D - a wand of iceblast (8)
Scrolls
 d - 10 scrolls of remove curse
 m - 2 scrolls of enchant weapon
 q - 2 scrolls of blinking
 v - 8 scrolls of teleportation
 C - 3 scrolls of identify
 E - a scroll of holy word {unknown}
Potions
 e - 5 potions of curing
 g - 4 potions of lignification
 h - 5 potions of brilliance
 n - a potion of invisibility
 p - a potion of flight
 r - 2 potions of magic
Books
 y - a book of Party Tricks

   Spells                             Type                      Level
   a - Summon Butterflies             Summoning                    1
   b - Apportation                    Translocation                1
   c - Lesser Beckoning               Translocation                3
   d - Tukima's Dance                 Hexes                        3
   e - Alistair's Intoxication        Transmutation/Poison         5
   f - Invisibility                   Hexes                        6
Comestibles
 c - 16 rations


   Skills:
 * Level 8.1 Fighting
 * Level 13.6 Short Blades
 + Level 9.1 Dodging
 + Level 7.6 Evocations


You had 10 spell levels left.
You didn't know any spells.

Dungeon Overview and Level Annotations

Branches:
Dungeon (12/15)            Temple (0/1) D:4            Lair (0/6) D:11
    Orc (0/2) D:12

Altars:
Dithmenos
Elyvilon
Fedhas
Okawaru
Uskayaw
Xom
The Shining One


Innate Abilities, Weirdness & Mutations

You are very small and have problems with some larger weapons.
You are too small for most types of armour.
You have supernaturally acute eyesight. (SInv)
You are a herbivore.
You cover ground extremely quickly.
You need consume almost no food.
You are clumsy. (Dex -2)
Your body sometimes deteriorates upon taking damage.
You are dopey. (Int -2)
You are frail. (-10% HP)
You are somewhat resistant to further mutation.
You occasionally shout uncontrollably at your foes.
You are weak. (Str -2)


Message History

Your body deteriorates!
You feel clumsy.
The hippogriff pecks you but does no damage.
The hippogriff misses you.
You puncture the slime creature! You drain the slime creature!
The slime creature is heavily wounded.
The slime creature hits you but does no damage.
Your giant cockroach misses the worker ant.
Your giant cockroach bites the slime creature.
You puncture the slime creature! You burn the slime creature.
The slime creature is severely wounded.
The hippogriff barely misses you. The hippogriff misses you. x2
You puncture the slime creature!
The slime creature is almost dead.
The slime creature hits you!!
* * * LOW HITPOINT WARNING * * *
Your giant cockroach barely misses the worker ant.
Your giant cockroach bites the slime creature.
You feel better. The hippogriff bites you!
You die...
Xom cackles wildly!

#..#####..# *, ##.##.....#
*,* #..#.....# *,* ##.#.....#
*,* *###.(.(†..####.#
..........?.....#
....#......####### *#####*
....##......(saJs# *,.....,*
....*#...#.#####@# *...... *
....*#...#.#####H####......,*
+###*##+##.##.......y...... *
,* *,*#.##......Y......., ,*
* #.##....$..Y......,* ,* *
*#.##...<.........., *
*,,#.......####......,* ,**
***,*.####### ......,* ,,,,,,
,,, ,,,,,* *......


You could see a slime creature shaped shifter, a hippogriff, a worker ant and 2
friendly giant cockroaches.

Vanquished Creatures
  A two-headed ogre (D:8)
  The ghost of Agrougrou the Martial Artist, a journeyman OpTm of Makhleb (D:11)
  2 gargoyles (D:10)
  A troll (D:9)
  3 hippogriffs
  Sigmund (D:2)
  A wraith (D:10)
  3 wyverns
  5 yaks (D:12)
  2 golden eyes (D:3)
  Menkaure (D:4)
  3 wargs (D:11)
  Duvessa (D:7)
  3 sky beasts
  3 ice beasts
  An orc warrior (D:8)
  5 ogres
  A tengu (D:9)
  5 centaurs
  7 big kobolds
  5 bullfrogs
  A gnoll sergeant (D:9)
  Dowan (D:7)
  5 scorpions
  4 killer bees (D:10)
  An electric eel (D:10)
  3 wights (D:12)
  A howler monkey (D:4)
  3 crimson imps
  A bullfrog zombie (D:10)
  A centaur zombie (D:5)
  A quasit (D:10)
  2 jellies (D:10)
  8 hounds
  3 orc priests
  2 bullfrog skeletons
  4 orc wizards
  3 centaur skeletons
  2 iguanas
  7 worker ants
  2 killer bee zombies
  3 hound skeletons
  2 worker ant zombies
  13 gnolls
  11 adders
  A shadow imp (D:6)
  2 oozes
  3 worms
  3 dart slugs
  5 leopard geckos
  18 orcs
  2 giant cockroaches
  6 goblins
  8 hobgoblins
  5 jackals
  3 quokkas
  A ball python (D:4)
  8 bats
  3 frilled lizards
  48 kobolds
  8 rats
263 creatures vanquished.

Vanquished Creatures (collateral kills)
  2 hobgoblins (D:3)
  A rat (D:3)
3 creatures vanquished.

Vanquished Creatures (others)
  An orc (D:6)
  A goblin (D:2)
2 creatures vanquished.

Grand Total: 268 creatures vanquished

Notes
Turn   | Place    | Note
-------+----------+-------------------------------------------
     0 | D:1      | MTVSty1e the Spriggan Chaos Knight began the quest for the Orb.
     0 | D:1      | Reached XP level 1. HP: 11/11 MP: 2/2
   165 | D:1      | XOM: butterfly on damage
   189 | D:1      | XOM: potion effect (haste)
   488 | D:1      | Reached skill level 4 in Short Blades
   488 | D:1      | Reached XP level 2. HP: 16/16 MP: 3/3
   497 | D:1      | XOM: butterfly on damage
   664 | D:1      | Reached XP level 3. HP: 19/19 MP: 4/4
   915 | D:2      | XOM: silly message
   941 | D:2      | Reached skill level 5 in Short Blades
  1112 | D:2      | Found a shimmering altar of Xom.
  1151 | D:2      | XOM: harmless Hex miscast
  1470 | D:2      | Noticed Sigmund
  1484 | D:2      | Killed Sigmund
  1484 | D:2      | Reached skill level 6 in Short Blades
  1484 | D:2      | Reached XP level 4. HP: 8/24 MP: 5/5
  1484 | D:2      | Reached XP level 5. HP: 9/28 MP: 6/6
  1501 | D:2      | XOM: silly message
  1717 | D:2      | XOM: silly message
  1881 | D:3      | XOM: smoke on damage
  1895 | D:3      | XOM: summons 4 friendly demons
  1926 | D:3      | XOM: confuse monster(s)
  1930 | D:3      | Reached XP level 6. HP: 14/32 MP: 7/7
  2088 | D:3      | XOM: silly message
  2787 | D:3      | Reached skill level 7 in Short Blades
  2787 | D:3      | XOM: harmless Tmut miscast
  2899 | D:3      | XOM: blink monster(s)
  2913 | D:3      | XOM: fog
  3055 | D:3      | XOM: polymorph gnoll -> hound
  3067 | D:3      | Noticed a golden eye
  3067 | D:3      | a big kobold changed into a golden eye
  3067 | D:3      | XOM: polymorph big kobold -> golden eye
  3070 | D:3      | XOM: silly message
  3393 | D:3      | Reached XP level 7. HP: 29/37 MP: 8/8
  3401 | D:3      | Killed a golden eye
  3401 | D:3      | Reached skill level 8 in Short Blades
  3413 | D:3      | XOM: summons 1 hostile demon
  3414 | D:3      | Noticed an ice devil
  3415 | D:3      | XOM: butterfly on damage
  3415 | D:3      | XOM: smoke on damage
  3628 | D:3      | XOM: mild Tloc miscast
  3655 | D:3      | Noticed a golden eye
  3655 | D:3      | a big kobold changed into a golden eye
  3655 | D:3      | XOM: polymorph big kobold -> golden eye
  3680 | D:3      | XOM: swap monsters
  3703 | D:3      | Killed a golden eye
  3703 | D:3      | Reached skill level 9 in Short Blades
  3703 | D:3      | Reached XP level 8. HP: 31/42 MP: 9/9
  3998 | D:4      | Noticed Menkaure
  4004 | D:4      | Killed Menkaure
  4041 | D:4      | Found a staircase to the Ecumenical Temple.
  4041 | D:4      | Found a faded altar of an unknown god.
  4041 | D:4      | Found a hide-covered altar of Uskayaw.
  4041 | D:4      | Found a glowing golden altar of the Shining One.
  4041 | D:4      | XOM: 8-stop teleportation journey
  4045 | D:4      | Reached skill level 5 in Fighting
  4057 | D:4      | XOM: enchant monster (bad)
  4305 | D:4      | XOM: summons 4 hostile demons
  4619 | D:4      | Reached skill level 10 in Short Blades
  4822 | D:4      | XOM: harmless Summ miscast
  4997 | D:4      | XOM: polymorph worker ant -> howler monkey
  5027 | D:4      | XOM: butterfly on damage
  5150 | D:4      | XOM: medium Conj miscast
  5198 | D:4      | XOM: noise
  5210 | D:4      | Found a shadowy altar of Dithmenos.
  5210 | D:4      | Found a faded altar of an unknown god.
  5274 | D:5      | Entered Level 5 of the Dungeon
  5686 | D:5      | You fall through a shaft!
  5901 | D:6      | XOM: give mutations
  5901 | D:6      | Gained mutation: You occasionally shout uncontrollably at your foes. [Xom's mischief]
  5901 | D:6      | Gained mutation: You are somewhat resistant to further mutation. [Xom's mischief]
  5901 | D:6      | Gained mutation: Your body sometimes deteriorates upon taking damage. [Xom's mischief]
  5901 | D:6      | Gained mutation: You are weak. (Str -2) [Xom's mischief]
  5917 | D:6      | XOM: summons 2 hostile shadow creatures
  6077 | D:6      | Found a shadowy altar of Dithmenos.
  6294 | D:6      | XOM: harmless Air miscast
  6485 | D:6      | XOM: summons 4 hostile shadow creatures
  7121 | D:6      | XOM: draining
  7133 | D:6      | XOM: cloud trail
  7288 | D:6      | XOM: mild Air miscast
  7892 | D:5      | Found a blossoming altar of Fedhas.
  7892 | D:5      | XOM: scenery: create altars
  8047 | D:7      | XOM: polymorph ice beast -> sky beast
  8055 | D:7      | Reached skill level 11 in Short Blades
  8055 | D:7      | Reached skill level 1 in Evocations
  8055 | D:7      | Reached XP level 9. HP: 48/48 MP: 10/10
  8805 | D:7      | XOM: give mutations
  8805 | D:7      | Gained mutation: You are frail. (-10% HP) [Xom's mischief]
  8805 | D:7      | Gained mutation: You are very frail. (-20% HP) [Xom's mischief]
  8805 | D:7      | Gained mutation: You are clumsy. (Dex -2) [Xom's mischief]
  8805 | D:7      | Lost mutation: You are very frail. (-20% HP) [Xom's mischief]
  8863 | D:7      | Noticed Duvessa
  8863 | D:7      | Noticed Dowan
  8871 | D:7      | Killed Duvessa
  8873 | D:7      | XOM: fake destruction
  8877 | D:7      | Killed Dowan
  8976 | D:7      | XOM: harmless Erth miscast
  9141 | D:7      | XOM: harmless Tmut miscast
  9648 | D:8      | XOM: silly message
  9652 | D:8      | XOM: divination: detect creatures
  9690 | D:8      | Noticed a two-headed ogre
  9695 | D:8      | XOM: potion effect (brilliance)
  9698 | D:8      | Killed a two-headed ogre
  9698 | D:8      | Reached skill level 5 in Dodging
  9809 | D:8      | XOM: fake destruction
  9854 | D:8      | XOM: summons 1 hostile demon
 10018 | D:8      | XOM: mild Summ miscast
 10176 | D:8      | Reached skill level 12 in Short Blades
 10266 | D:8      | XOM: give mutation
 10266 | D:8      | Gained mutation: You are dopey. (Int -2) [Xom's mischief]
 10581 | D:8      | XOM: summons 3 hostile demons
 10623 | D:8      | Found a white marble altar of Elyvilon.
 11148 | D:9      | Noticed a troll
 11149 | D:9      | Killed a troll
 11149 | D:9      | Reached skill level 5 in Evocations
 11149 | D:9      | Reached XP level 10. HP: 47/47 MP: 14/14
 11178 | D:9      | XOM: summons friendly white imp
 11221 | D:9      | XOM: blink monster(s)
 11307 | D:9      | Found an iron altar of Okawaru.
 11320 | D:9      | XOM: 1-stop teleportation journey
 11435 | D:9      | XOM: noise
 11451 | D:10     | Entered Level 10 of the Dungeon
 11459 | D:10     | XOM: confusion
 11699 | D:10     | XOM: stat loss: -1 Int (11/12)
 11770 | D:9      | XOM: cleaving
 12222 | D:10     | XOM: enchant monster (bad)
 12248 | D:10     | Reached skill level 13 in Short Blades
 12339 | D:10     | Got a dull robe
 12350 | D:10     | Identified the +2 robe of the Bard {rC+ MR+ Regen+ SInv} (You found it on level 10 of the Dungeon)
 12516 | D:10     | XOM: confuse monster(s)
 12602 | D:10     | Noticed a gargoyle
 12606 | D:10     | Killed a gargoyle
 12696 | D:10     | Noticed a gargoyle
 12696 | D:10     | Killed a gargoyle
 12705 | D:10     | XOM: confuse monster(s)
 13014 | D:11     | Noticed Agrougrou's ghost (journeyman OpTm)
 13033 | D:11     | XOM: fake destruction
 13111 | D:11     | XOM: confuse monster(s)
 13146 | D:11     | XOM: confuse monster(s)
 13147 | D:11     | XOM: summons 5 friendly demons
 13152 | D:11     | Killed Agrougrou's ghost
 13152 | D:11     | Reached XP level 11. HP: 51/54 MP: 17/17
 13261 | D:11     | Found a staircase to the Lair.
 13364 | D:11     | XOM: 2-stop teleportation journey
 13417 | D:11     | XOM: harmless Summ miscast
 13495 | D:11     | XOM: confuse monster(s)
 13769 | D:12     | XOM: god gift: large agate ring {god gift}
 13780 | D:12     | XOM: destruction
 13875 | D:12     | XOM: cleaving
 13900 | D:12     | Noticed an unseen horror
 13900 | D:12     | an eye of draining changed into an unseen horror
 13902 | D:12     | an unseen horror changed into a polar bear
 13902 | D:12     | XOM: polymorph unseen horror -> polar bear
 13903 | D:12     | XOM: divination: magic mapping
 13929 | D:12     | Noticed a shock serpent
 13929 | D:12     | an elephant changed into a shock serpent
 13935 | D:12     | Noticed a mana viper
 13935 | D:12     | a shock serpent changed into a mana viper
 13941 | D:12     | a mana viper changed into a hippogriff
 13943 | D:12     | XOM: noise
 13955 | D:12     | Noticed a fire crab
 13955 | D:12     | a salamander changed into a fire crab
 13957 | D:12     | a fire crab changed into a manticore
 13958 | D:12     | XOM: swap monsters
 13970 | D:12     | HP: 1/54 [slime creature (glowing shapeshifter) (18)]
 13971 | D:12     | Slain by a hippogriff

Skill      XL: |  1  2  3  4  5  6  7  8  9 10 11 |
---------------+----------------------------------+-----
Short Blades   | 4 6 7 9 11 12 13 | 13.6
Fighting       | 3 4 5 6 7 8 |  8.1
Dodging        | 4 6 8 9 |  9.1
Evocations     | 1 5 7 |  7.6

Action                   |  1- 3 |  4- 6 |  7- 9 | 10-12 || total
-------------------------+-------+-------+-------+-------++-------
Melee: Short sword       |   112 |   206 |   554 |   563 ||  1435
Evoke: Wand              |       |       |     9 |    12 ||    21
  Use: Scroll            |     3 |     4 |     9 |     4 ||    20
       Potion            |     2 |     2 |     9 |     7 ||    20
 Stab: Distracted        |     1 |       |       |       ||     1
       Paralysed         |       |     1 |     3 |     3 ||     7
       Confused          |       |     1 |     7 |     5 ||    13
       Sleeping          |       |     1 |     5 |     1 ||     7
       Petrified         |       |       |     1 |       ||     1
       Petrifying        |       |       |     1 |     3 ||     4
  Eat: Ration            |       |     1 |     4 |     1 ||     6
Armor: Robe              |    14 |    28 |    75 |    17 ||   134
       Troll leather arm |       |       |       |    23 ||    23
       Skin              |       |       |       |     5 ||     5
Dodge: Dodged            |    89 |   212 |   364 |   329 ||   994
